 Dungeon Sprint DCSS version 0.21.0-3-g78d12a8 (webtiles) character file.

4860 sanboga the Fighter (level 10, 0/94 HPs)
             Began as a Demonspawn Berserker on Jan 11, 2018.
             Was a High Priest of Trog.
             Succumbed to poison (poison gas)
             ... in the Dungeon (Sprint II: "The Violet Keep of Menkaure").
             The game lasted 00:09:16 (1695 turns).

sanboga the Fighter (Demonspawn Berserker)          Turns: 1695, Time: 00:09:17

Health: 0/94       AC: 30    Str: 30    XL:     10   Next: 26%
Magic:  10/10      EV: 12    Int:  9    God:    Trog [*****.]
Gold:   297        SH:  0    Dex: 12    Spells: 9/9 levels left

rFire    . . .     SeeInvis .   b - +10 morningstar of Brawl {speed, Str+2}
rCold    . . .     Gourm    .   (no shield)
rNeg     . . .     Faith    .   j - +4 chain mail of the Shoals {rElec Str+4}
rPois    .         Spirit   .   (no helmet)
rElec    +         Reflect  .   (no cloak)
rCorr    .         Harm     .   k - +2 pair of gloves {Str+3}
MR       .....     NoTele   +   l - +2 pair of boots {Fly}
Stlth    ..........             (no amulet)
HPRegen  0.25/turn              t - +5 ring of protection
MPRegen  0.12/turn              (no ring)

@: lethally poisoned (0 -> -23), flying
A: hooves 1, slimy green scales 2, nightstalker 1, rot immunity
a: Berserk, Trog's Hand, Brothers in Arms, Burn Spellbooks, Renounce Religion,
Stop Flying


You were in the Dungeon.
You worshipped Trog.
Trog was extremely pleased with you.
You were not hungry.

You visited 1 branch You collected 1215 gold pieces.
You spent 918 gold pieces at shops.

Inventory:

Hand Weapons
 b - the +10 morningstar of Brawl (weapon) {speed, Str+2}
   (You bought it in a shop in the Dungeon)

   Attacks with this weapon are significantly faster.
   It affects your strength (+2).
Armour
 j - the +4 chain mail of the Shoals (worn) {rElec Str+4}
   (You bought it in a shop in the Dungeon)

   It affects your strength (+4).
   It insulates you from electricity.
 k - a +2 pair of gloves of strength (worn)
 l - a +2 pair of boots of flying (worn)
Jewellery
 t - a +5 ring of protection (left hand)
Scrolls
 i - a scroll of blinking
 n - a scroll of remove curse
Potions
 d - 2 potions of curing
 f - 2 potions of haste
 g - 5 potions of magic
 h - a potion of berserk rage
 p - a potion of invisibility
 u - 4 potions of flight
 v - 2 potions of brilliance
 A - 3 potions of resistance
Comestibles
 a - 3 chunks of flesh
 c - 4 rations


   Skills:
 + Level 14.2 Fighting
   Level 11.4(12.5) Axes
 + Level 8.6(11.1) Maces & Flails
 + Level 10.6 Armour
 - Level 5.4 Dodging
 - Level 1.8 Stealth


You had 9 spell levels left.
You didn't know any spells.

Dungeon Overview and Level Annotations

Branches:
Dungeon (1/1)

Altars:
Cheibriados
Dithmenos
Elyvilon
Fedhas
Gozag
Hepliaklqana
Kikubaaqudgha
Makhleb
Nemelex Xobeh
Okawaru
Qazlal
Ru
Sif Muna
Trog
Uskayaw
Vehumet
Wu Jian
Xom
Yredelemnul
Zin
The Shining One
Beogh
Jiyva
Lugonu

Shops:
D ([:[}?:%!!==!=*=

Annotations:
D exclusion: oklob plant


Innate Abilities, Weirdness & Mutations

You have large cloven feet.
You are mostly covered in slimy green scales. (AC +3)
You are slightly more attuned to the shadows.
You are immune to rotting.


Message History

* * * LOW HITPOINT WARNING * * *
You are engulfed in flames!
* * * LOW HITPOINT WARNING * * *
The ynoxinul hits you but does no damage.
You impale the obsidian statue!!
You are no longer entranced.
You destroy the obsidian statue!
Trog accepts your kill.
The ynoxinul disappears in a puff of smoke!
The sun demon disappears in a puff of smoke!
* * * LOW HITPOINT WARNING * * *
You feel very sick.
You feel better.
You are engulfed in poison gas.
You are poisoned.
* * * LOW HITPOINT WARNING * * *
You feel sick.
You are engulfed in poison gas.
You are lethally poisoned!
* * * LOW HITPOINT WARNING * * *
You die...

≈≈*,#+++#+++#≈≈§§≈§≈§§#._._._._#≈
≈≈***≈;;;;§≈##≈§§###§≈#_._._._.#≈
≈,**≈≈§;≈§≈§≈##§≈#,#≈≈#._._._..#≈
,≈+≈§§§≈§§§§≈≈+≈≈#+#≈≈#.._._._.#§
≈≈##≈≈§§§§≈§≈##§§≈≈≈≈§##########§
≈≈*##§≈≈≈§≈§###########≈≈≈≈≈≈≈§§≈
,,*∩####+####§§§§§§§###≈########≈
≈**,,,,***##§§§§§§§§§##≈#,,,,,,#▓
**∩,,,,,,,+§§§§§@§§§§§'≈#,,,,,,**
*********,##§§§§§§§§§####,,,,,,+≈
,,,,,,,,*,,##§§§§§§§##***,,,,,,**
*********,,,#########,,,,,,,,,,**
,,,,,,,,,,,,+,+333+,+,,,,,,,,,,*
**************####**************


You could see 3 sixfirhies.

Vanquished Creatures
  A kraken (D)
  An obsidian statue (D)
  A merfolk siren (D)
  A yaktaur (D)
  3 polar bears (D)
  2 tyrant leeches (D)
  A blink frog (D)
  A hornet (D)
  2 hippogriffs (D)
  Menkaure (D)
  3 crocodiles (D)
  3 worms (D)
  4 tentacles (D)
24 creatures vanquished.

Vanquished Creatures (others)
  A crocodile (D)
  3 tentacles (D)
4 creatures vanquished.

Grand Total: 28 creatures vanquished

Notes
Turn   | Place    | Note
-------+----------+-------------------------------------------
     0 | D        | sanboga the Demonspawn Berserker began the quest for the Orb.
     0 | D        | Reached XP level 1. HP: 18/18 MP: 1/1
    22 | D        | Killed a crocodile
    92 | D        | Noticed a lava snake
    92 | D        | Noticed a lava snake
    93 | D        | Noticed a lava snake
    93 | D        | Noticed a lava snake
   100 | D        | Reached ** piety under Trog
   100 | D        | Gained mutation: You have large cloven feet. [demonic ancestry]
   100 | D        | Reached XP level 2. HP: 11/25 MP: 2/2
   274 | D        | Noticed Menkaure
   277 | D        | Found Niyd's General Store.
   277 | D        | Found Fedueton's Jewellery Emporium.
   279 | D        | Killed Menkaure
   279 | D        | Reached skill level 6 in Fighting
   279 | D        | Reached XP level 3. HP: 35/35 MP: 3/3
   279 | D        | Gained mutation: You are partially covered in slimy green scales. (AC +2) [demonic ancestry]
   279 | D        | Reached XP level 4. HP: 41/41 MP: 4/4
   280 | D        | Found Pululoagh's Distillery.
   280 | D        | Found Olaurufa's Jewellery Shoppe.
   281 | D        | Found Quleupoh's Jewellery Shoppe.
   281 | D        | Found Opticit's Jewellery Emporium.
   282 | D        | Found Suopavy's Distillery.
   283 | D        | Found Qusin's Distillery.
   283 | D        | Found Xuitircha's Food Emporium.
   284 | D        | Found Bon Ydec's Book Shoppe.
   284 | D        | Found Bunaam's Magic Scroll Emporium.
   284 | D        | Noticed a death yak
   308 | D        | Noticed a hippogriff
   308 | D        | Noticed a hippogriff
   311 | D        | Found Epsios's Gadget Shoppe.
   311 | D        | Found Itwoidi's Antique Armour Emporium.
   311 | D        | Noticed an oklob plant
   312 | D        | Found Nuoguf's Antique Armour Shoppe.
   312 | D        | Found Utaste Zixt's Antique Weapon Emporium.
   312 | D        | Found Xunodgh's Book Shoppe.
   313 | D        | Noticed a hell hog
   314 | D        | Noticed a hell hog
   316 | D        | Noticed a yak
   316 | D        | Noticed a yak
   319 | D        | Noticed a yak
   321 | D        | Bought a crude chain mail for 218 gold pieces
   331 | D        | Identified the +4 chain mail of the Shoals {rElec Str+4} (You bought it in a shop in the Dungeon)
   346 | D        | Killed a hippogriff
   346 | D        | Reached skill level 8 in Fighting
   346 | D        | Reached XP level 5. HP: 50/50 MP: 5/5
   346 | D        | Reached XP level 6. HP: 57/57 MP: 6/6
   354 | D        | Killed a hippogriff
   354 | D        | Reached *** piety under Trog
   354 | D        | Reached skill level 9 in Fighting
   354 | D        | Reached skill level 1 in Stealth
   413 | D        | Noticed a merfolk siren
   427 | D        | Killed a merfolk siren
   427 | D        | Reached skill level 10 in Fighting
   427 | D        | Reached skill level 10 in Axes
   427 | D        | Reached skill level 5 in Armour
   427 | D        | Reached skill level 5 in Dodging
   427 | D        | Gained mutation: You are immune to rotting. [demonic ancestry]
   427 | D        | Reached XP level 7. HP: 67/67 MP: 7/7
   531 | D        | Noticed a tyrant leech
   531 | D        | Noticed a tyrant leech
   544 | D        | Killed a tyrant leech
   544 | D        | Gained mutation: You are mostly covered in slimy green scales. (AC +3) [demonic ancestry]
   544 | D        | Reached XP level 8. HP: 65/74 MP: 8/8
   551 | D        | Killed a tyrant leech
   551 | D        | Reached **** piety under Trog
   551 | D        | Reached skill level 11 in Fighting
   781 | D        | Bought a dazzling morningstar for 261 gold pieces
   785 | D        | Bought a pair of glowing gloves for 187 gold pieces
   785 | D        | Bought a pair of embroidered boots for 187 gold pieces
   795 | D        | Identified the +10 morningstar of Brawl {speed, Str+2} (You bought it in a shop in the Dungeon)
   811 | D        | Bought a ration for 65 gold pieces
   828 | D        | Noticed a blink frog
   831 | D        | Killed a blink frog
   857 | D        | Found a snail-covered altar of Cheibriados.
   857 | D        | Found a roughly hewn altar of Beogh.
   858 | D        | Found a shadowy altar of Dithmenos.
   858 | D        | Found a viscous altar of Jiyva.
   859 | D        | Found a white marble altar of Elyvilon.
   859 | D        | Found an ancient bone altar of Kikubaaqudgha.
   860 | D        | Found a blossoming altar of Fedhas.
   860 | D        | Found a corrupted altar of Lugonu.
   860 | D        | Found a deep blue altar of Sif Muna.
   901 | D        | Found an opulent altar of Gozag.
   901 | D        | Found a burning altar of Makhleb.
   901 | D        | Found a bloodstained altar of Trog.
   902 | D        | Found a sparkling altar of Nemelex Xobeh.
   902 | D        | Found a hide-covered altar of Uskayaw.
   903 | D        | Found an iron altar of Okawaru.
   903 | D        | Found a radiant altar of Vehumet.
   903 | D        | Found a glowing silver altar of Zin.
   903 | D        | Found a basalt altar of Yredelemnul.
   903 | D        | Noticed a polar bear
   903 | D        | Noticed a polar bear
   905 | D        | Noticed a polar bear
   910 | D        | Killed a polar bear
   913 | D        | Killed a polar bear
   913 | D        | Reached skill level 12 in Fighting
   916 | D        | Noticed a hornet
   920 | D        | Killed a polar bear
   920 | D        | Reached ***** piety under Trog
   920 | D        | Reached XP level 9. HP: 82/82 MP: 9/9
   921 | D        | Noticed a yaktaur
   925 | D        | Paralysed by a hornet for 2 turns
   935 | D        | Killed a yaktaur
   935 | D        | Reached skill level 5 in Maces & Flails
  1107 | D        | Noticed a kraken
  1373 | D        | Killed a kraken
  1373 | D        | Reached skill level 13 in Fighting
  1373 | D        | Reached skill level 10 in Armour
  1373 | D        | Gained mutation: You are slightly more attuned to the shadows. [demonic ancestry]
  1373 | D        | Reached XP level 10. HP: 51/93 MP: 10/10
  1603 | D        | Found a shimmering altar of Xom.
  1603 | D        | Found a sacrificial altar of Ru.
  1604 | D        | Found a glowing golden altar of the Shining One.
  1604 | D        | Found an ornate altar of the Wu Jian Council.
  1620 | D        | Reached skill level 14 in Fighting
  1646 | D        | Found a stormy altar of Qazlal.
  1647 | D        | Found a hazy altar of Hepliaklqana.
  1659 | D        | Noticed an obsidian statue
  1680 | D        | Noticed a sixfirhy
  1683 | D        | Noticed a sixfirhy
  1690 | D        | Noticed a sun demon
  1693 | D        | Killed an obsidian statue
  1695 | D        | Noticed a sixfirhy
  1695 | D        | HP: 2/94 [something (9)]
  1695 | D        | Succumbed to poison (poison gas)

Skill      XL: |  1  2  3  4  5  6  7  8  9 10 |
---------------+-------------------------------+-----
Axes           | 3 6 8 10 11 | 11.4
Armour         | 2 3 5 7 10 | 10.6
Dodging        | 2 3 4 5 |  5.4
Fighting       | 6 8 10 12 13 14 | 14.2
Stealth        | 1 |  1.8
Maces & Flails | 4 7 8 |  8.6

Action                   |  1- 3 |  4- 6 |  7- 9 | 10-12 || total
-------------------------+-------+-------+-------+-------++-------
Melee: Hand axe          |    14 |    22 |    19 |       ||    55
       Kick              |       |     8 |     4 |       ||    12
       Morningstar       |       |       |    50 |    20 ||    70
Invok: Berserk           |     2 |     2 |     3 |       ||     7
  Use: Scroll            |       |       |     9 |       ||     9
       Potion            |       |       |     5 |     1 ||     6
 Stab: Sleeping          |     1 |       |       |       ||     1
  Eat: Chunk             |       |     1 |     5 |       ||     6
       Ration            |       |       |       |     1 ||     1
Armor: Chain mail        |       |    12 |    28 |     7 ||    47
Dodge: Dodged            |     8 |     7 |    20 |     3 ||    38
